 Dungeon Crawl Stone Soup version 0.23.1 (webtiles) character file.

Game seed: 11158159554530182955

1399 Irenicus the Geomancer (level 8, -2/62 HPs)
             Began as a Deep Dwarf Earth Elementalist on Mar 18, 2019.
             Was an Initiate of Makhleb.
             Killed from afar by an orc wizard (7 damage)
             ... with a magic dart
             ... on level 6 of the Dungeon.
             The game lasted 00:18:52 (2309 turns).

Irenicus the Geomancer (DDEE)                       Turns: 2309, Time: 00:18:53

Health: -2/62      AC:  6    Str: 13    XL:     8   Next: 41%
Magic:  3/12       EV: 12    Int: 17    God:    Makhleb [......]
Gold:   330        SH:  5    Dex: 13    Spells: 2/13 levels left

rFire    . . .     SeeInvis .   e - +1 whip
rCold    . . .     Gourm    .   f - +0 buckler
rNeg     + . .     Faith    .   a - +3 leather armour {rN+}
rPois    .         Spirit   .   (no helmet)
rElec    .         Reflect  .   (no cloak)
rCorr    .         Harm     .   (no gloves)
MR       +....                  (no boots)
Stlth    ++........             s - amulet of magic regeneration
HPRegen  0.00/turn              i - ring of flight {+Fly, !d}
MPRegen  0.38/turn              (no ring)

@: non-regenerating
A: damage resistance, heal wounds, sense surroundings 1, no regeneration
a: Heal Wounds, Renounce Religion, Evoke Flight


You were on level 6 of the Dungeon.
You worshipped Makhleb.
Makhleb was noncommittal.
You were hungry.

You visited 2 branches of the dungeon, and saw 7 of its levels.

You collected 330 gold pieces.

Inventory:

Hand Weapons
 e - a +1 whip (weapon)
   (You took it off a kobold on level 1 of the Dungeon)
Missiles
 b - 33 stones (quivered)
Armour
 a - a +3 leather armour of positive energy (worn)
   (You took it off Edmund on level 5 of the Dungeon)
 f - a +0 buckler (worn)
   (You found it on level 5 of the Dungeon)
Jewellery
 i - a ring of flight (left hand) {+Fly, !d}
   (You found it on level 2 of the Dungeon)
 s - an amulet of magic regeneration (around neck)
   (You found it on level 3 of the Dungeon)
Scrolls
 c - a scroll of identify
 j - 4 scrolls of remove curse
 l - a scroll of immolation {unknown}
 o - a scroll of teleportation {unknown}
 t - a scroll of fear {unknown}
Potions
 k - a potion of curing
 n - a potion of mutation {!q}
 q - a potion of might
Comestibles
 d - 9 rations


   Skills:
 - Level 2.1 Dodging
 - Level 2.4 Stealth
 - Level 4.0 Shields
 + Level 3.2 Spellcasting
 - Level 2.2 Conjurations
 - Level 0.8 Transmutations
 + Level 11.6 Earth Magic


You had 2 spell levels left.
You knew the following spells:

 Your Spells              Type           Power        Failure   Level  Hunger
a - Sandblast             Erth           #####.       1%          1    None
w - Passwall              Tmut/Erth      ###.....     2%          2    ##.....
x - Stone Arrow           Conj/Erth      ####..       3%          3    ###....
z - Lee's Rapid Deconstr  Erth           #####.....   4%          5    ######.

Your spell library contained the following spells:

 Spells                   Type           Power        Failure   Level  Hunger
 Petrify                  Tmut/Erth      ###.....     17%         4    ####...


Dungeon Overview and Level Annotations

Branches:
Dungeon (6/15)             Temple (1/1) D:4

Altars:
Cheibriados
Dithmenos
Fedhas
Gozag
Hepliaklqana
Kikubaaqudgha
Makhleb
Nemelex Xobeh
Okawaru
Qazlal
Ru
Sif Muna
Uskayaw
Vehumet
Wu Jian
Xom
Yredelemnul

Shops:
D:5 }*

Annotations:
D:4 2 transporters
D:5 3 runed translucent doors, lapinsky's ghost, novice HOFi
D:6 Xenon25's ghost, novice TrBe


Innate Abilities, Weirdness & Mutations

You are resistant to damage.
You can heal yourself by infusing magical energy.
You passively map a small area around you.
You do not regenerate.


Message History

Aim: an orc wizard, wielding a +0 dagger and wearing a +0 robe (almost dead)
The stone arrow misses the orc wizard.
You are feeling very hungry.
An orc priest comes into view. It is wielding a +0 dagger.
You now have 4/12 mp.
The orc priest moves out of view.
You feel better.
You regained 8 hp, and now have 16/62 hp.
Aim: an orc The blast of sand misses the orc.
b - 41 stones The orc misses you.
You now have 4/12 mp.
Aim: an orc wizard, wielding a +0 dagger and wearing a +0 robe (almost dead)
The blast of sand misses the orc wizard.
b - 40 stones The orc hits you but does no damage.
You now have 3/12 mp.
Aim: an orc wizard, wielding a +0 dagger and wearing a +0 robe (almost dead)
The blast of sand hits the orc wizard!!
You kill the orc wizard!
Makhleb accepts your kill.
b - 39 stones The orc closely misses you.
Aim: an orc The blast of sand hits the orc!
You kill the orc!
Makhleb accepts your kill.
b - 38 stones You now have 2/12 mp.
Aim: an orc priest, wielding a +0 dagger The blast of sand hits the orc priest!!
You kill the orc priest!
Makhleb accepts your kill.
Your Shields skill increases to level 4!
b - 37 stones
Aim: an orc, wielding a +0 war axe and wearing a +0 scale mail
Okay, then.
Aim: an orc wizard, wielding a +0 dagger and wearing a cursed +0 robe The blast of sand misses the orc wizard.
b - 36 stones You now have 1/12 mp.
Aim: an orc wizard, wielding a +0 dagger and wearing a cursed +0 robe The blast of sand hits the orc wizard!
b - 35 stones The orc misses you.
You now have 0/12 mp.
Aim: an orc wizard, wielding a +0 dagger and wearing a cursed +0 robe (almost dead)
The blast of sand hits the orc wizard!!
You kill the orc wizard!
Makhleb accepts your kill.
b - 34 stones
Aim: an orc, wielding a +0 war axe and wearing a +0 scale mail The blast of sand hits the orc!
You kill the orc!
Makhleb accepts your kill.
b - 33 stones You now have 0/12 mp.
Items here: )) [[ † a +0 war axe; a +0 scale mail; a +0 dagger; a cursed +0 robe; an orc corpse
Okay, then.
You see here an orc corpse.
You butcher the orc corpse.
Things that are here:
4 chunks of flesh {@w0}; an orc skeleton Eating one of 4 chunks of flesh {@w0}.
You eat one of the 4 chunks of flesh {@w0}.
Things that are here:
3 chunks of flesh {@w0}; an orc skeleton
Things that are here:
a +0 dagger; an orc corpse
Things that are here:
3 chunks of flesh {@w0}; an orc skeleton
Things that are here:
a +0 dagger; a +0 robe; an orc corpse A hobgoblin comes into view.
It is carrying a wand of flame (22).
An orc priest comes into view. It is wielding a +0 dagger.
The orc priest shouts!
An orc wizard comes into view. It is wielding a +0 dagger.
Found a radiant altar of Vehumet.
MP restored: 12 A rock wall.
The wall shatters!
You hear a shout!
The blast of rock fragments hits the orc priest!!
You kill the orc priest!
Makhleb accepts your kill.
You are feeling hungry.
You now have 7/12 mp.
The hobgoblin zaps a wand.
The puff of flame hits you!
* * * LOW HITPOINT WARNING * * *
You take 11 damage, and have 5/62 hp.
A rock wall.
The wall shatters!
The blast of rock fragments hits the hobgoblin!!
You kill the hobgoblin!
Makhleb accepts your kill.
The orc wizard gestures at you while chanting.
The magic dart hits you!
You die...

, ...#._ * , ,
.o... * ....#, * ,
,** $.. , , ** ./.
* ####### * **#.#
......# #.#
.####)# #.#
....#.##########@#
.................#
....#.############
.####.# ......#
#######


You could see an orc wizard.

Vanquished Creatures
  Grinder (D:5)
  Edmund (D:5)
  2 ogres
  2 phantoms (D:5)
  A bullfrog (D:6)
  A scorpion (D:4)
  A jelly (D:6)
  3 orc priests
  A hound (D:4)
  4 orc wizards
  A bullfrog skeleton (D:5)
  A centaur skeleton (D:4)
  3 worker ants
  2 iguanas
  A hound skeleton (D:5)
  10 adders
  An ooze (D:2)
  An adder zombie (D:5)
  A worm (D:5)
  A dart slug (D:2)
  2 leopard geckos (D:4)
  13 orcs
  4 ball pythons
  3 bats (D:2)
  7 giant cockroaches
  4 goblins
  6 hobgoblins
  2 jackals (D:2)
  4 kobolds
  3 quokkas
  5 frilled lizards
  A quokka skeleton (D:5)
  9 rats
102 creatures vanquished.

Notes
Turn   | Place    | Note
-------+----------+-------------------------------------------
     0 | D:1      | Irenicus the Deep Dwarf Earth Elementalist began the quest
                  | for the Orb.
     0 | D:1      | Reached XP level 1. HP: 15/15 MP: 3/3
    95 | D:1      | Reached skill level 2 in Spellcasting
   195 | D:2      | Reached XP level 2. HP: 22/22 MP: 1/5
   406 | D:2      | Reached XP level 3. HP: 19/28 MP: 3/6
   410 | D:2      | Learned a level 2 spell: Passwall
   447 | D:2      | Reached skill level 5 in Earth Magic
   812 | D:3      | Reached XP level 4. HP: 18/36 MP: 5/8
   820 | D:3      | Reached skill level 3 in Spellcasting
   886 | D:3      | HP: 9/36 [orc wizard/magic dart (6)]
   902 | D:3      | Reached skill level 6 in Earth Magic
   902 | D:3      | Reached XP level 5. HP: 10/42 MP: 0/9
  1202 | D:3      | Learned a level 3 spell: Stone Arrow
  1233 | D:4      | Noticed an ogre
  1239 | D:4      | Killed an ogre
  1239 | D:4      | Reached skill level 7 in Earth Magic
  1280 | D:4      | Reached XP level 6. HP: 24/49 MP: 8/10
  1307 | D:4      | Reached skill level 8 in Earth Magic
  1530 | D:4      | Found a transporter.
  1537 | D:4      | Reached skill level 1 in Conjurations
  1575 | D:4      | Found a transporter.
  1751 | D:4      | Found a staircase to the Ecumenical Temple.
  1759 | Temple   | Entered the Ecumenical Temple
  1769 | Temple   | Became a worshipper of Makhleb the Destroyer
  1781 | D:4      | nice start !
  1798 | D:5      | Entered Level 5 of the Dungeon
  1801 | D:5      | Found Diusimon's General Store.
  1805 | D:5      | Reached skill level 2 in Conjurations
  1805 | D:5      | Reached skill level 9 in Earth Magic
  1805 | D:5      | Reached XP level 7. HP: 26/55 MP: 3/11
  1838 | D:5      | Learned a level 5 spell: Lee's Rapid Deconstruction
  1865 | D:5      | Noticed Edmund
  1886 | D:5      | Killed Edmund
  1886 | D:5      | Reached skill level 10 in Earth Magic
  1971 | D:5      | Noticed Grinder
  1978 | D:5      | Paralysed by Grinder for 7 turns
  1980 | D:5      | HP: 18/82 [Grinder (4)]
  1986 | D:5      | Killed Grinder
  1986 | D:5      | Reached skill level 11 in Earth Magic
  2048 | D:5      | HP: 7/55 [phantom (5)]
  2049 | D:5      | Reached XP level 8. HP: 8/62 MP: 8/12
  2068 | D:5      | Found Buovek's Gadget Shop.
  2106 | D:5      | Reached skill level 2 in Shields
  2152 | D:5      | Found a runed translucent gate.
  2153 | D:5      | Found a runed translucent gate.
  2154 | D:5      | Found a runed translucent gate.
  2187 | D:5      | Noticed lapinsky's ghost (novice HOFi)
  2219 | D:6      | Noticed Xenon25's ghost (novice TrBe)
  2235 | D:6      | Reached skill level 3 in Shields
  2269 | D:6      | Reached skill level 4 in Shields
  2306 | D:6      | Found a radiant altar of Vehumet.
  2308 | D:6      | HP: 5/62 [hobgoblin/wand of flame (22) (11)]
  2309 | D:6      | Killed from afar by an orc wizard

Skill      XL: |  1  2  3  4  5  6  7  8 |
---------------+-------------------------+-----
Spellcasting   | 2 3 |  3.2
Earth Magic    | 5 6 7 9 11 | 11.6
Conjurations   | 2 |  2.2
Shields        | 4 |  4.0
Dodging        | |  2.1
Stealth        | |  2.4
Transmutations | |  0.8

Action                   |  1- 3 |  4- 6 |  7- 9 || total
-------------------------+-------+-------+-------++-------
Melee: Whip              |    17 |    20 |     1 ||    38
 Cast: Sandblast         |    42 |    55 |    41 ||   138
       Passwall          |       |     1 |     1 ||     2
       Stone Arrow       |       |    11 |    11 ||    22
       Lee's Rapid Decon |       |       |     5 ||     5
  Use: Scroll            |       |     5 |     7 ||    12
       Potion            |       |     1 |     3 ||     4
 Stab: Sleeping          |     3 |       |       ||     3
  Eat: Chunk             |       |     4 |     1 ||     5
       Ration            |       |       |     1 ||     1
Armor: Robe              |     7 |     3 |       ||    10
       Leather armour    |       |     3 |     4 ||     7
       Skin              |       |       |     8 ||     8
Dodge: Dodged            |    32 |    30 |     7 ||    69

Levels and vault maps discovered:
D:1:      dpeg_arrival_radiant, layout_basic
D:2:      layout_loops_ring
D:3:      layout_loops_cross, kennysheep_generic_room_3
D:4:      gammafunk_wand_slinger, layout_layer_cave,
          minmay_temple_entry_gardened_gates, first_ration, serial_bayou_pond_e
D:5:      layout_cave_pools, gammafunk_ghost_icy, serial_shops,
          nicolae_shop_trees, shop, minmay_crystal_room,
          kennysheep_generic_room_6, uniq_grinder, uniq_edmund
D:6:      layout_loops_cross, vehumet_altar_wand_db, gammafunk_ghost_split,
          serial_shops, shop
Temple:   dpeg_three_leaves_temple

Table legend:
 A = Turns spent in this place as a percentage of turns spent in the entire game.
 B = Non-inter-level travel turns spent in this place as a percentage of non-inter-level travel turns spent in the entire game.
 C = Inter-level travel turns spent in this place as a percentage of turns spent in this place.
 D = Turns resting spent in this place as a percentage of non-inter-level travel turns spent in this place.
 E = Turns spent auto-exploring this place as a percentage of non-inter-level travel turns spent in this place.
 F = Non-inter-level travel turns spent in this place divided by the number of levels of this place that you've seen.
                   A       B       C       D       E      F
               +-------+-------+-------+-------+-------+----------------------
         Total | 100.0 | 100.0 |   0.0 |   0.0 |   0.0 | 329.9
       Dungeon |  99.1 |  99.1 |   0.0 |   0.0 |   0.0 | 381.3
        Temple |   0.9 |   0.9 |   0.0 |   0.0 |   0.0 |  21.0
               +-------+-------+-------+-------+-------+----------------------

Table legend:
 A = Kills in this place as a percentage of kills in entire the game.
 B = Kills by you in this place as a percentage of kills by you in the entire game.
 C = Kills by friends in this place as a percentage of kills by friends in the entire game.
 D = Other kills in this place as a percentage of other kills in the entire game.
 E = Experience gained in this place as a percentage of experience gained in the entire game.
 F = Experience gained in this place divided by the number of levels of this place that you have seen.
                   A       B       C       D       E      F
               +-------+-------+-------+-------+-------+----------------------
         Total | 100.0 | 100.0 |   N/A |   N/A | 100.0 | 285.6
       Dungeon | 100.0 | 100.0 |   N/A |   N/A | 100.0 | 333.2
               +-------+-------+-------+-------+-------+----------------------
